 Dungeon Crawl Stone Soup version 0.24.0-125-gc4c63601f3 (webtiles) character file.

Game seed: 15637663310674976956, levelgen mode: deterministic

56 Peloso the Covered (level 3, 0/33 HPs)
             Began as a Minotaur Fighter on Feb 27, 2020.
             Killed by nerve-wracking pain
             ... invoked by Jessica
              (15 damage)
             ... on level 3 of the Dungeon.
             The game lasted 00:02:13 (1239 turns).

Peloso the Covered (Minotaur Fighter)               Turns: 1239, Time: 00:02:13

Health: 0/33       AC:  8    Str: 18 (20) XL:     3   Next: 69%
Magic:  2/2        EV:  7    Int:  4 (5)  God:
Gold:   140        SH:  9    Dex: 15      Spells: 2/2 levels left

rFire    . . .     SeeInvis .   a - +0 long sword
rCold    . . .     Gourm    .   c - +0 shield
rNeg     . . .     Faith    .   b - +0 scale mail
rPois    .         Spirit   .   (helmet restricted)
rElec    .         Reflect  .   (no cloak)
rCorr    .         Harm     +   (no gloves)
MR       .....                  o - +0 pair of boots
Stlth    ..........             j - amulet of harm
HPRegen  0.11/turn              m - +5 ring of dexterity
MPRegen  0.08/turn              (no ring)

@: slowed, very slow
A: retaliatory headbutt, horns 2
a: no special abilities


You were on level 3 of the Dungeon.
You were very hungry.

You visited 1 branch of the dungeon, and saw 3 of its levels.

You collected 140 gold pieces.

Inventory:

Hand Weapons
 a - a +0 long sword (weapon)
Armour
 b - a +0 scale mail (worn)
 c - a +0 shield (worn)
 o - a +0 pair of boots (worn)
Jewellery
 j - an amulet of harm (around neck)
 m - a +5 ring of dexterity (left hand)
Scrolls
 e - 4 scrolls of identify {unknown}
 g - 5 scrolls of remove curse {unknown}
 k - a scroll of teleportation {unknown}
Potions
 d - 4 potions of might
 h - a potion of mutation {unknown}
Comestibles
 f - 3 rations


   Skills:
 + Level 4.1 Fighting
 + Level 3.0 Long Blades
 + Level 4.3 Armour
 + Level 0.3 Dodging
 + Level 0.1 Stealth
 + Level 4.3 Shields


You had 2 spell levels left.
You didn't know any spells.
Your spell library was empty.

Dungeon Overview and Level Annotations

Branches:
Dungeon (3/15)

Altars:
Qazlal

Annotations:
D:3 Jessica


Innate Abilities, Weirdness & Mutations

You reflexively headbutt those who attack you in melee.
You have a pair of horns on your head.


Message History

The goblin unwields a +0 hunting sling.
The goblin hits you but does no damage.
You slash the goblin!
You kill the goblin!
You are feeling very hungry.
Things that are here:
a +0 hunting sling; 16 stones Jessica casts a spell at you.
You feel yourself slow down. Jessica gestures at you while chanting.
Pain shoots through your body!
Things that are here:
a +0 hunting sling; 16 stones Jessica gestures at you while chanting.
Pain shoots through your body! Jessica hits you.
Jessica shouts, "You are a ghastly nuisance!"
You block Jessica's attack.
You see here a stone.
Jessica points at you and mumbles some strange words.
Pain shoots through your body!
You die...

##......##
##........##
#..........#
#..........#
#..........#
#.....)....# #
#...(......#.#
##...@(.......
#.....@....#.#
#>..$.(.....?.
#...).<.......
#.............
#.............
##............
##....#.#....
####........
.@#.#....


You could see Jessica.

Vanquished Creatures
  3 adders (D:2)
  3 worms (D:2)
  A dart slug (D:1)
  A giant cockroach (D:1)
  4 goblins
  2 hobgoblins
  A quokka (D:2)
  4 bats
  A rat (D:2)
20 creatures vanquished.

Notes
Turn   | Place    | Note
-------+----------+-------------------------------------------
     0 | D:1      | Peloso the Minotaur Fighter began the quest for the Orb.
     0 | D:1      | Reached XP level 1. HP: 19/19 MP: 0/0
   391 | D:1      | Reached XP level 2. HP: 27/27 MP: 1/1
   720 | D:2      | Reached XP level 3. HP: 33/33 MP: 2/2
   755 | D:2      | Found a stormy altar of Qazlal.
  1224 | D:3      | Noticed Jessica
  1239 | D:3      | Killed from afar by Jessica

Levels and vault maps discovered:
D:1:      psy_arrival_statuary, layout_basic, minmay_misc_feat_enclosed
D:2:      layout_loops_cross, first_ration, nicolae_qazlal_general_emergency
D:3:      kennysheep_six_static_rooms, layout_rooms, serial_park_tiny_pond,
          glass_columns_a, uniq_jessica

Skill      XL: |  1  2  3 |
---------------+----------+-----
Shields        | 4 |  4.3
Fighting       | 4 |  4.1
Armour         | 4 |  4.3
Long Blades    | 3 |  3.0
Dodging        | |  0.3
Stealth        | |  0.1

Action                   || total
-------------------------++-------
Melee: Long sword        ||    59
       Headbutt          ||    10
  Use: Potion            ||     4
 Stab: Sleeping          ||     1
Armor: Scale mail        ||    21
Dodge: Dodged            ||    19
Block: Shield            ||    27
       Rpst.: Long sword ||     4
